 Dungeon Crawl Stone Soup version 0.31-a0-640-g39d97e502b (webtiles) character file.

Game seed: 7447317359923555725

1938 rvierbuc the Trooper (level 8, 0/64 HPs)
             Began as a Demonspawn Gladiator on Aug 28, 2023.
             Was a Believer of Wu Jian.
             Slain by a hornet (6 damage)
             ... on level 7 of the Dungeon.
             The game lasted 00:12:08 (4613 turns).

rvierbuc the Trooper (Demonspawn Gladiator)         Turns: 4613, Time: 00:12:09

Health: 0/64       AC: 12    Str: 17    XL:     8   Next: 97%
Magic:  8/8        EV: 10    Int: 13    God:    Wu Jian [**....]
Gold:   314        SH:  0    Dex: 20    Spells: 7/7 levels left

rFire   . . .        a - +0 war axe
rCold   . . .        H - orb "Edu Ikae" {*channel, Int+3 Stlth+}
rNeg    . . .        k - +0 chain mail
rPois   .            I - +1 hat
rElec   .            (no cloak)
rCorr   .            K - +0 pair of gloves
SInv    .            (no boots)
Will    .....        o - amulet of regeneration Stlth
                     f - +6 ring of dexterity
HPRegen 1.10/turn    g - ring of flight
MPRegen 0.11/turn

%: channel magic (20%)
@: lethally poisoned (0 -> -3), flying, slowed, very slow
A: hooves 1, thin metallic scales 1, powered by pain 2, spiny 1
a: Renounce Religion, Wall Jump


You were on level 7 of the Dungeon.
You worshipped Wu Jian.
Wu Jian was pleased with you.
You visited 1 branch of the dungeon, and saw 7 of its levels.

You collected 314 gold pieces.

Inventory:

Hand Weapons
 a - a +0 war axe (weapon)
Missiles
 d - 3 throwing nets
 e - a javelin (quivered)
 q - 6 silver javelins
 D - 5 curare-tipped darts
Armour
 b - a +0 leather armour
 c - a +0 helmet
 k - a +0 chain mail (worn)
 t - the +1 leather armour of the Curious Moons {Rampage}
   (You found it on level 2 of the Dungeon)

   Rampage:   It bestows one free step when moving towards enemies.
 H - the orb "Edu Ikae" (worn) {*channel, Int+3 Stlth+}
   (You found it on level 5 of the Dungeon)

   Int+3:     It affects your intelligence (+3).
   Stlth+:    It makes you more stealthy.
 I - a +1 hat (worn)
 K - a +0 pair of gloves (worn)
Jewellery
 f - a +6 ring of dexterity (left hand)
 g - a ring of flight (right hand)
 o - an amulet of regeneration (around neck)
 z - a ring of ice
 A - the amulet "Doshilomas" {Acrobat Str+4 Int-2 Dex+4}
   (You found it on level 4 of the Dungeon)

   [amulet of the acrobat]

   Acrobat:   It increases your evasion while moving and waiting.
   Str+4:     It affects your strength (+4).
   Int-2:     It affects your intelligence (-2).
   Dex+4:     It affects your dexterity (+4).
 F - an amulet of faith
Wands
 G - a wand of charming (11)
 M - a wand of flame (21)
Scrolls
 h - 2 scrolls of fog {unknown}
 i - a scroll of fear {unknown}
 j - 2 scrolls of revelation {unknown}
 n - 2 scrolls of enchant armour {unknown}
 p - 2 scrolls of poison {unknown}
 u - a scroll of noise {unknown}
 w - 5 scrolls of identify {unknown}
 y - 4 scrolls of teleportation {unknown}
 C - a scroll of amnesia {unknown}
 J - a scroll of brand weapon {unknown}
 L - a scroll of enchant weapon {unknown}
Potions
 l - 4 potions of enlightenment
 m - a potion of might {unknown}
 r - a potion of attraction {unknown}
 s - 2 potions of mutation {unknown}
 v - 2 potions of curing {unknown}
 x - a potion of brilliance {unknown}
 B - 2 potions of magic {unknown}
 E - a potion of heal wounds {unknown}


   Skills:
 + Level 6.1 Fighting
 + Level 6.0 Axes
 + Level 5.5 Throwing
 + Level 6.0 Dodging


You had 7 spell levels left.
You didn't know any spells.
Your spell library contained the following spells:

 Spells                   Type           Power      Damage    Failure   Level
 Dazzling Flash           Conj/Hex       0%         N/A       100%        3
 Ignite Poison            Fire/Tmut/Pois 0%         N/A       100%        3
 Portal Projectile        Hex/Tloc       0%         N/A       100%        3
 Tukima's Dance           Hex            0%         N/A       100%        3
 Volatile Blastmotes      Fire/Tloc      0%         2d10      100%        3
 Cause Fear               Hex            0%         N/A       100%        4
 Iskenderun's Mystic Bla  Conj/Tloc      0%         2d3       100%        4
 Sticky Flame             Conj/Fire      0%         2d3       100%        4
 Fireball                 Conj/Fire      0%         3d3       100%        5
 Starburst                Conj/Fire      0%         6d3       100%        6
 Malign Gateway           Summ/Tloc      0%         N/A       100%        7
 Ignition                 Fire           0%         3d3       100%        8
 Maxwell's Capacitive Co  Air            0%         ∞         100%        8
 Summon Horrible Things   Summ           0%         N/A       100%        8
 Dragon's Call            Summ           0%         N/A       100%        9


Dungeon Overview and Level Annotations

Branches:
Dungeon (7/15)             Temple (0/1) D:5

Altars:
Kikubaaqudgha
Makhleb
Okawaru
Qazlal
Ru
Sif Muna
Vehumet
Wu Jian
Xom


Innate Abilities, Weirdness & Mutations

You have large cloven feet.
You are partially covered in thin metallic scales. (AC +2)
You sometimes gain power by taking damage.
You are partially covered in sharp spines.


Message History

The gnoll hits you from afar with a +0 halberd!
Unknown command.
You slash the gnoll!
You kill the gnoll!
The Council accepts your kill. The gnoll barely misses you.
The hornet stings you!
You feel yourself slow down.
The gnoll hits you from afar with a +0 halberd!
A gnoll comes into view. It is wielding a +0 flail.
The gnoll barely misses you.
Your Axes skill increases to level 6!
Okay, then.
You miss the hornet. You kick the hornet.
The hornet is lightly wounded.
You feel yourself speed up. The hornet is struck by your spines.
The hornet misses you. The gnoll hits you but does no damage.
The hornet is struck by your spines. The hornet stings you!
You feel yourself slow down.
The gnoll hits you from afar with a +0 halberd!
* * * LOW HITPOINT WARNING * * *
The hornet barely misses you.
Okay, then.
Aiming: Wall Jump
Press: ? - help, Dir - move target You feel yourself speed up.
The hornet is struck by your spines. The hornet stings you.
* * * LOW HITPOINT WARNING * * *
You feel yourself slow down. The hornet closely misses you.
The gnoll is struck by your spines. The gnoll closely misses you.
The gnoll barely misses you.
Okay, then.
You closely miss the hornet. Your kick misses the hornet.
The hornet is heavily wounded.
You closely miss the gnoll. The hornet is struck by your spines.
The hornet stings you!
* * * LOW HITPOINT WARNING * * *
You are poisoned.
You feel as though you will be slow longer.
The hornet stings you.
You die...

.... #..#
....#########..#
#.....##.....#
.##.....##.....# ....#
...............# ....#
...............# ....#
........##..##.# g...###
........###+#####y......
.............@y(#.......
.##....)##....gg#.......
#.....##......gg......
........#########.......
........# .......
........# .......
........# .......
.##.....# .......
#<....# '######


You could see a hornet, a gnoll bouda and 3 gnolls.

Vanquished Creatures
  Grinder (D:4)
  Sigmund (D:4)
  A black bear (D:3)
  2 orc warriors
  An ice beast (D:6)
  2 ogres (D:5)
  3 centaurs
  A bullfrog (D:6)
  4 scorpions (D:5)
  A howler monkey (D:4)
  2 orc priests
  3 hounds
  4 orc wizards
  2 iguanas
  2 gnolls (D:7)
  8 adders
  A shadow imp (D:6)
  A worm (D:2)
  2 dart slugs
  18 orcs
  5 bats
  5 endoplasms
  3 giant cockroaches
  9 goblins
  8 hobgoblins
  3 jackals (D:2)
  2 quokkas
  3 ball pythons
  8 frilled lizards
  8 kobolds
  6 rats
120 creatures vanquished.

Notes
Turn   | Place    | Note
-------+----------+-------------------------------------------
     0 | D:1      | rvierbuc the Demonspawn Gladiator began the quest for the
                  | Orb.
     0 | D:1      | Reached XP level 1. HP: 16/16 MP: 1/1
   200 | D:1      | Gained mutation: You sometimes gain a little power by
                  | taking damage. [demonic ancestry]
   200 | D:1      | Reached XP level 2. HP: 20/22 MP: 2/2
   898 | D:2      | Reached XP level 3. HP: 28/28 MP: 3/3
   977 | D:2      | Identified the +1 leather armour of the Curious Moons
                  | {Rampage}
  1115 | D:2      | Found an ornate altar of the Wu Jian Council.
  1229 | D:2      | Became a worshipper of the Wu Jian Council
  1345 | D:3      | Found a faded altar of an unknown god.
  1453 | D:3      | Gained mutation: You are partially covered in sharp spines.
                  | [demonic ancestry]
  1453 | D:3      | Reached XP level 4. HP: 34/34 MP: 4/4
  1510 | D:3      | Noticed a black bear
  1521 | D:3      | Killed a black bear
  1522 | D:3      | Reached XP level 5. HP: 37/41 MP: 5/5
  1589 | D:3      | Found a stormy altar of Qazlal.
  1645 | D:3      | Found an ancient bone altar of Kikubaaqudgha.
  1957 | D:4      | Noticed Sigmund
  1967 | D:4      | Killed Sigmund
  1967 | D:4      | Noticed Grinder
  1968 | D:4      | Gained mutation: You are partially covered in thin metallic
                  | scales. (AC +2) [demonic ancestry]
  1968 | D:4      | Reached XP level 6. HP: 24/47 MP: 6/6
  1972 | D:4      | Reached * piety under Wu Jian
  2015 | D:4      | Identified the amulet "Doshilomas" {Acrobat Str+4 Int-2
                  | Dex+4}
  2078 | D:4      | Killed Grinder
  2079 | D:4      | Gained mutation: You sometimes gain power by taking damage.
                  | [demonic ancestry]
  2079 | D:4      | Reached XP level 7. HP: 38/54 MP: 7/7
  2115 | D:4      | Found a shimmering blue altar of Sif Muna.
  2256 | D:4      | Found a radiant altar of Vehumet.
  2380 | D:5      | Entered Level 5 of the Dungeon
  2772 | D:5      | Reached skill level 5 in Dodging
  2787 | D:5      | Found a staircase to the Ecumenical Temple.
  2853 | D:5      | Reached skill level 5 in Fighting
  2853 | D:5      | Reached skill level 5 in Axes
  2853 | D:5      | Gained mutation: You have large cloven feet. [demonic
                  | ancestry]
  2853 | D:5      | Reached XP level 8. HP: 57/62 MP: 8/8
  2899 | D:5      | Found a burning altar of Makhleb.
  3087 | D:5      | Identified the orb "Edu Ikae" {*channel, Int+3 Stlth+}
  3287 | D:5      | Found a sacrificial altar of Ru.
  3518 | D:6      | Found an iron altar of Okawaru.
  3608 | D:6      | Reached skill level 5 in Throwing
  3764 | D:6      | HP: 2/64 [orc warrior/+0 mace (8)]
  3992 | D:6      | Found a shimmering altar of Xom.
  4446 | D:7      | Reached ** piety under Wu Jian
  4604 | D:7      | Noticed a hornet
  4613 | D:7      | Slain by a hornet

Illustrated notes

Levels and vault maps discovered:
D:1:      minmay_arrival_four_houses, layout_basic
D:2:      layout_rooms, basic_altar
D:3:      layout_basic, overflow_temple_1_default,
          nicolae_qazlal_scattered_showers, nicolae_ecumenical_oubliette
D:4:      layout_cave_pools, mainiacjoe_overflow_cross_hatched,
          mainiacjoe_overflow_tiny_flanked, uniq_sigmund, uniq_grinder
D:5:      layout_basic, nicolae_ru_path_of_blood, kennysheep_little_box,
          minmay_temple_entry_sparse_star, minmay_fractal_squares_diagonal_5
D:6:      layout_basic, kennysheep_okawaru_gauntlet, kennysheep_mini,
          minmay_fountain_box
D:7:      layout_gridville, minmay_statues_item, grunt_ministairs_3

Skill      XL: |  1  2  3  4  5  6  7  8 |
---------------+-------------------------+-----
Throwing       | 2 3 4 5 |  5.5
Dodging        | 3 4 5 6 |  6.0
Axes           | 3 4 5 6 |  6.0
Fighting       | 3 4 5 6 |  6.1

Action                     |  1- 3 |  4- 6 |  7- 9 || total
---------------------------+-------+-------+-------++-------
  Melee: War axe           |   120 |    41 |   128 ||   289
         Punch             |       |     3 |       ||     3
         Kick              |       |       |    38 ||    38
  Throw: Javelin           |       |     1 |       ||     1
Ability: Lunge             |     3 |     4 |    11 ||    18
         Wall Jump         |       |       |     1 ||     1
    Use: Potion            |       |       |     1 ||     1
 Armour: Leather armour    |    11 |       |       ||    11
         Chain mail        |    63 |    26 |    86 ||   175
  Dodge: Dodged            |    62 |    26 |    79 ||   167

Table legend: (Time is in decaauts)
 A = Elapsed time spent in this place.
 B = Non-inter-level travel time spent in this place.
 C = Inter-level travel time spent in this place.
 D = Time resting spent in this place.
 E = Time spent auto-exploring this place.
 F = Levels seen in this place.
 G = Mean time per level.
                   A        B        C        D        E       F      G
               +--------+--------+--------+--------+--------+-----+--------+
         Total |   4695 |   4378 |    317 |     82 |   3502 |   7 |  670.7 |
       Dungeon |   4695 |   4378 |    317 |     82 |   3502 |   7 |  670.7 |
               +--------+--------+--------+--------+--------+-----+--------+

Top non-repeatable levels by time:
     D:5: 1012 daAuts
     D:6: 1009 daAuts
     D:1: 882 daAuts
     D:3: 670 daAuts
     D:4: 498 daAuts
     D:2: 412 daAuts
     D:7: 210 daAuts
